 Dungeon Crawl Stone Soup version 0.32-a0-665-g3d30ec2550 (webtiles) character file.

Game seed: 9670758839616018277

513 shadizar the Magician (level 7, 0/50 HPs)
             Began as a Djinni Conjurer on Mar 9, 2024.
             Was an Initiate of Makhleb.
             Slain by an orc wizard
             ... wielding a +2 vampiric dagger
              (5 damage)
             ... on level 4 of the Dungeon.
             The game lasted 00:04:17 (2997 turns).

shadizar the Magician (Djinni Conjurer)             Turns: 2997, Time: 00:04:17

Health: 0/50       AC:  2    Str:  6    XL:     7   Next: 43%
Gold:   235        EV: 13    Int: 22    God:    Makhleb [......] SH:  0 Dex: 11

rFire   + + .        j - staff of cold
rCold   . . .        (no shield)
rNeg    . . .        a - +0 robe
rPois   ∞            (no helmet)
rElec   .            (no cloak)
rCorr   .            (no gloves)
SInv    .            (boots unavailable)
Will    .....        (no amulet)
Stlth   ++           (no ring)
HPRegen 0.28/turn    (no ring)
MPRegen 0.00/turn

%: infuse magic (-1 HP)
@: flying
A: sickness immunity, fire resistance 2, cold vulnerability 1, float, innate
caster, HP casting, extra vitality 1
a: Renounce Religion


You were on level 4 of the Dungeon.
You worshipped Makhleb.
Makhleb was noncommittal.
You visited 2 branches of the dungeon, and saw 6 of its levels.

You collected 235 gold pieces.

Inventory:

Armour
 a - a +0 robe (worn)
Magical Staves
 j - a staff of cold (weapon)
Jewellery
 g - a ring of wizardry
 s - a +5 ring of evasion
 v - a +4 ring of slaying
Wands
 p - a wand of polymorph (11)
 x - a wand of flame (9)
Scrolls
 c - 3 scrolls of enchant armour {unknown}
 d - a scroll of blinking {unknown}
 e - a scroll of fog {unknown}
 f - 3 scrolls of identify {unknown}
 m - a scroll of poison {unknown}
 q - 2 scrolls of summoning {unknown}
 u - a scroll of fear {unknown}
 w - a scroll of teleportation {unknown}
Potions
 b - a potion of degeneration {unknown}
 h - a potion of invisibility {unknown}
 i - a potion of haste {unknown}
 k - a potion of enlightenment {unknown}
 l - a potion of resistance {unknown}
 n - a potion of brilliance {unknown}
 o - 3 potions of curing {unknown}
 r - a potion of might {unknown}
 t - a potion of cancellation {unknown}


   Skills:
 + Level 3.4 Fighting
 + Level 4.6 Dodging
 - Level 1.5 Stealth
 * Level 5.3 Spellcasting
 * Level 5.3 Conjurations
 * Level 5.3 Hexes
   Level 0.0 Charms
 * Level 5.3 Summonings
 * Level 5.3 Necromancy
 * Level 5.3 Translocations
   Level 0.0 Transmutations
 * Level 5.3 Fire Magic
 * Level 5.3 Ice Magic
 * Level 5.3 Air Magic
 * Level 5.3 Earth Magic
 * Level 5.3 Alchemy


You knew the following spells:

 Your Spells              Type           Power      Damage    Failure   Level
a - Magic Dart            Conj           100%       1d8       1%          1
b - Searing Ray           Conj           58%        2d6       1%          2
c - Fulminant Prism       Conj/Alch      14%        3d9       11%         4
d - Iskenderun's Mystic   Conj/Tloc      29%        2d7       11%         4
e - Necrotise             Necr           100%       1d9       1%          1
f - Call Imp              Summ           58%        N/A       1%          2
g - Blink                 Tloc           58%        N/A       1%          2
Your spell library was empty.

Dungeon Overview and Level Annotations

Branches:
Dungeon (5/15)             Temple (1/1) D:4

Altars:
Cheibriados
Dithmenos
Elyvilon
Fedhas
Gozag
Hepliaklqana
Makhleb
Nemelex Xobeh
Qazlal
Trog
Uskayaw
Wu Jian
Yredelemnul
Zin
The Shining One

Shops:
D:1 [


Innate Abilities, Weirdness & Mutations

You are immune to sickness and miasma.
You are immune to poison.
Your flesh is very heat resistant. (rF++)
You are vulnerable to cold. (rC-)
You float through the air rather than walking.
You learn spells naturally, not from books.
Your magical power is your life essence.
You have superior vitality. (+4 MHP)


Message History

Unknown command.
Unknown command.
The searing ray hits the orc.
You kill the orc!
Makhleb accepts your kill.
* * * LOW HITPOINT WARNING * * *
Something hits you.
* * * LOW HITPOINT WARNING * * *
Unknown command.
Unknown command.
Casting: Searing Ray (safe; 1% risk of failure)
Confirm with . or Enter, or press ? or * to list all spells.
Okay, then.
Casting: Searing Ray (safe; 1% risk of failure)
Confirm with . or Enter, or press ? or * to list all spells.
A tiny devil pulls itself out of the air.
* * * LOW HITPOINT WARNING * * *
Something hits you.
* * * LOW HITPOINT WARNING * * *
Unknown command.
Unknown command.
Unknown command.
Unknown command.
Casting: Call Imp (safe; 1% risk of failure)
Confirm with . or Enter, or press ? or * to list all spells.
Okay, then.
Casting: Call Imp (safe; 1% risk of failure)
Confirm with . or Enter, or press ? or * to list all spells.
Aiming: Fulminant Prism (dangerous; 11% risk of failure)
Press: ? - help, Dir - move target You conjure a prism of explosive energy!
* * * LOW HITPOINT WARNING * * *
A fulminant prism comes into view.
Something hits you.
* * * LOW HITPOINT WARNING * * *
Something hits you.
* * * LOW HITPOINT WARNING * * *
Your fulminant prism crackles loudly.
Something hits you.
You die...

_..###....#####.................#
...##.........#.#...............#
≈≈.##......##.........<.#...##.##
≈≈≈##...#..####......##.....##.#
.≈≈######...................##.#
.#≈# #.####.*......###....#.##
)))# #.# #......#............#
'### #.###..{)..#..###.#...... >#
###.#....5@..#...#..#...... ##
###.....#..##).#...#.#..#....
#####...#.###.####.#.....#....##.
....#####.###.# #.#.#......#.##.
.##.###.....#.####.#.#....#.#.##.
###..##.............[.........##.
###..##.....#.##......##......#..
......#######.#..#...##...#.÷....
......# ##....##........##.....


You could see a friendly fulminant prism (unaware) and a friendly cerulean imp
(summoned).

Vanquished Creatures
  An ogre (D:4)
  2 scorpions (D:4)
  A bombardier beetle (D:3)
  Terence (D:3)
  Natasha (thrice) (D:3)
  4 adders
  3 dart slugs
  8 orcs
  5 ball pythons
  5 endoplasms
  7 goblins
  3 hobgoblins
  2 jackals (D:1)
  4 bats
  A frilled lizard (D:1)
  4 kobolds
  4 rats
58 creatures vanquished.

Vanquished Creatures (collateral kills)
  An ogre (D:4)
1 creature vanquished.

Grand Total: 59 creatures vanquished

Notes
Turn   | Place    | Note
-------+----------+-------------------------------------------
     0 | D:1      | shadizar the Djinni Conjurer began the quest for the Orb.
     0 | D:1      | shadizar set off with the following spells memorised: Magic
                  | Dart, Searing Ray, Fulminant Prism, Iskenderun's Mystic
                  | Blast.
     0 | D:1      | Reached XP level 1. HP: 15/15 MP: 0/0
   194 | D:1      | Reached XP level 2. HP: 18/22 MP: 0/0
   379 | D:1      | Found a faded altar of an unknown god.
   558 | D:1      | Found Necsasi's Armour Shoppe.
   747 | D:2      | Reached skill level 1 in Fighting
   747 | D:2      | Reached XP level 3. HP: 24/27 MP: 0/0
   747 | D:2      | Learned a level 1 spell: Necrotise
  1438 | D:3      | Reached XP level 4. HP: 26/32 MP: 0/0
  1781 | D:3      | Reached XP level 5. HP: 25/38 MP: 0/0
  1781 | D:3      | Learned a level 2 spell: Call Imp
  1786 | D:3      | Noticed Natasha
  1789 | D:3      | Killed Natasha
  1835 | D:3      | Noticed Natasha
  1838 | D:3      | Killed Natasha
  1847 | D:3      | Noticed Natasha
  1851 | D:3      | Killed Natasha
  1923 | D:3      | Noticed Terence
  1930 | D:3      | Killed Terence
  1931 | D:3      | Reached XP level 6. HP: 37/45 MP: 0/0
  2236 | D:4      | Noticed an ogre
  2238 | D:4      | Noticed an ogre
  2243 | D:4      | Killed an ogre
  2244 | D:4      | Reached skill level 5 in Spellcasting
  2244 | D:4      | Reached skill level 5 in Conjurations
  2244 | D:4      | Reached skill level 5 in Hexes
  2244 | D:4      | Reached skill level 5 in Summonings
  2244 | D:4      | Reached skill level 5 in Necromancy
  2244 | D:4      | Reached skill level 5 in Translocations
  2244 | D:4      | Reached skill level 5 in Fire Magic
  2244 | D:4      | Reached skill level 5 in Ice Magic
  2244 | D:4      | Reached skill level 5 in Air Magic
  2244 | D:4      | Reached skill level 5 in Earth Magic
  2244 | D:4      | Reached skill level 5 in Alchemy
  2245 | D:4      | Killed an ogre
  2246 | D:4      | Reached XP level 7. HP: 39/50 MP: 0/0
  2246 | D:4      | Learned a level 2 spell: Blink
  2518 | D:4      | Found a staircase to the Ecumenical Temple.
  2543 | Temple   | Entered the Ecumenical Temple
  2580 | Temple   | Became a worshipper of Makhleb the Destroyer
  2647 | D:4      | Found a glowing silver altar of Zin.
  2804 | D:4      | Found an ornate altar of the Wu Jian Council.
  2902 | D:5      | Entered Level 5 of the Dungeon
  2902 | D:5      | Found a blossoming altar of Fedhas.
  2902 | D:5      | Found a stormy altar of Qazlal.
  2903 | D:5      | Found a glowing golden altar of the Shining One.
  2903 | D:5      | Found an opulent altar of Gozag.
  2911 | D:5      | Found a snail-covered altar of Cheibriados.
  2911 | D:5      | Found a hazy altar of Hepliaklqana.
  2997 | D:4      | Slain by an orc wizard

Illustrated notes

Levels and vault maps discovered:
D:1:      grunt_arrival_lava_bath, layout_loops_ring, serial_shops,
          nicolae_shop_real_fake_doors, shapermc_ecumenical_altar_pompeii
D:2:      layout_loops_ring, supply_closet_lemuel
D:3:      layout_basic, hellmonk_sif_muna_bookshelves, uniq_terence,
          uniq_natasha
D:4:      layout_rooms, zin_statuary, nicolae_wu_jian_glorious_leap,
          nicolae_kikubaaqudgha_miasma_corner, temple_pool_b
D:5:      layout_gridville, nicolae_ashenzari_skybound,
          grunt_temple_overflow_open, hangedman_decor_peaks_small, uniq_grinder
Temple:   hellmonk_temple_beads

Skill      XL: |  1  2  3  4  5  6 |
---------------+-------------------+-----
Fighting       | 1 2 3 |  3.4
Spellcasting   | 4 5 |  5.3
Conjurations   | 4 5 |  5.3
Hexes          | 4 5 |  5.3
Summonings     | 4 5 |  5.3
Necromancy     | 4 5 |  5.3
Translocations | 4 5 |  5.3
Fire Magic     | 4 5 |  5.3
Ice Magic      | 4 5 |  5.3
Air Magic      | 4 5 |  5.3
Earth Magic    | 4 5 |  5.3
Alchemy        | 4 5 |  5.3
Dodging        | 3 4 |  4.6
Stealth        | |  1.5

Action                     |  1- 3 |  4- 6 |  7- 9 || total
---------------------------+-------+-------+-------++-------
   Cast: Magic Dart        |    50 |    57 |    35 ||   142
         Searing Ray       |       |    10 |     3 ||    13
         Call Imp          |       |     1 |     1 ||     2
         Fulminant Prism   |       |       |     1 ||     1
 Armour: Robe              |     1 |    11 |    16 ||    28
  Dodge: Dodged            |     3 |    14 |    18 ||    35

Table legend: (Time is in decaauts)
 A = Elapsed time spent in this place.
 B = Non-inter-level travel time spent in this place.
 C = Inter-level travel time spent in this place.
 D = Time resting spent in this place.
 E = Time spent auto-exploring this place.
 F = Levels seen in this place.
 G = Mean time per level.
                   A        B        C        D        E       F      G
               +--------+--------+--------+--------+--------+-----+--------+
         Total |   2999 |   2820 |    179 |      0 |   2447 |   6 |  499.8 |
       Dungeon |   2924 |   2818 |    106 |      0 |   2447 |   5 |  584.8 |
        Temple |     74 |      1 |     73 |      0 |      0 |   1 |   74.0 |
               +--------+--------+--------+--------+--------+-----+--------+

Top non-repeatable levels by time:
     D:2: 780 daAuts
     D:4: 736 daAuts
     D:3: 735 daAuts
     D:1: 649 daAuts
  Temple: 74 daAuts
     D:5: 23 daAuts
